 Dungeon Crawl Stone Soup version 0.24-a0-203-gf0bc1e9 (webtiles) character file.

Game seed: 7730665239921624685

39 Borgoz the Cutter (level 3, -2/22 HPs)
             Began as a Kobold Gladiator on Mar 26, 2019.
             Killed by nerve-wracking pain
             ... invoked by a shadow imp
             ... summoned by Natasha
              (8 damage)
             ... on level 2 of the Dungeon.
             The game lasted 00:02:03 (1180 turns).

Borgoz the Cutter (Kobold Gladiator)                Turns: 1180, Time: 00:02:04

Health: -2/22      AC:  4    Str: 12    XL:     3   Next: 70%
Magic:  3/3        EV: 17    Int:  9    God:
Gold:   80         SH:  0    Dex: 20    Spells: 2/2 levels left

rFire    . . .     SeeInvis .   a - +0 rapier
rCold    + . .     Gourm    .   (shield restricted)
rNeg     . . .     Faith    .   b - +0 leather armour
rPois    .         Spirit   .   c - +0 helmet
rElec    .         Reflect  .   (no cloak)
rCorr    .         Harm     .   (no gloves)
MR       .....                  (no boots)
Stlth    ++........             (no amulet)
HPRegen  0.07/turn              o - ring of protection from cold
MPRegen  0.08/turn              j - +4 ring of dexterity

@: no status effects
A: small, carnivore
a: no special abilities


You were on level 2 of the Dungeon.
You were completely stuffed.

You visited 1 branch of the dungeon, and saw 2 of its levels.

You collected 80 gold pieces.

Inventory:

Hand Weapons
 a - a +0 rapier (weapon)
Missiles
 d - 3 throwing nets (quivered)
Armour
 b - a +0 leather armour (worn)
 c - a +0 helmet (worn)
Jewellery
 j - a +4 ring of dexterity (right hand)
 o - a ring of protection from cold (left hand)
Scrolls
 e - 2 scrolls of identify {unknown}
 g - a scroll of remove curse {unknown}
 l - 2 scrolls of blinking {unknown}
 n - a scroll of noise {unknown}
 q - a scroll of teleportation {unknown}
Potions
 h - a potion of degeneration {unknown}
 i - a potion of brilliance {unknown}
 k - 2 potions of cancellation {unknown}
 m - a potion of agility {unknown}
 r - a potion of mutation {unknown}
Comestibles
 f - 4 rations
 p - 5 chunks of flesh


   Skills:
 + Level 2.4 Fighting
 * Level 4.6 Short Blades
 - Level 2.1 Throwing
 * Level 1.1 Armour
 * Level 4.0 Dodging
 + Level 1.1 Stealth


You had 2 spell levels left.
You didn't know any spells.
Your spell library was empty.

Dungeon Overview and Level Annotations

Branches:
Dungeon (2/15)

Altars:
Okawaru
Uskayaw

Annotations:
D:2 Natasha


Innate Abilities, Weirdness & Mutations

You are small and have problems with some larger weapons.
You are carnivorous and can eat meat at any time.


Message History

You are too injured to fight recklessly!
You are too injured to fight recklessly!
You are too injured to fight recklessly!
You barely miss Natasha.
Natasha is heavily wounded.
Natasha barely misses you.
You closely miss Natasha.
Natasha is heavily wounded.
The shadow imp hits you but does no damage.
Natasha closely misses you.
You hit Natasha.
Natasha is heavily wounded.
The shadow imp laughs crazily.
The shadow imp misses you. Natasha claws you.
* * * LOW HITPOINT WARNING * * *
You closely miss Natasha.
Natasha is heavily wounded.
The shadow imp gestures at you. Pain shoots through your body!
You die...

#################
#...............#####
####.#..# #.............
....#...# #.....##.####.
#.....5.###.##.......##.
#.....h@....##..........
......[.........########
........##.###..# ##>##
........##.# #..# #8...8
.....$..##.# #..# #.....
..#####..... ....#8...%)
. #####.#...###.....
.#...# #8...8
.#.#.###....


You could see Natasha and a shadow imp.

Vanquished Creatures
  An adder (D:2)
  A worm (D:2)
  A dart slug (D:1)
  2 leopard geckos
  2 giant cockroaches
  2 goblins (D:2)
  3 jackals (D:2)
  A quokka (D:2)
  A ball python (D:2)
  2 bats (D:1)
  3 frilled lizards
  2 kobolds
  3 rats (D:1)
24 creatures vanquished.

Notes
Turn   | Place    | Note
-------+----------+-------------------------------------------
     0 | D:1      | Borgoz the Kobold Gladiator began the quest for the Orb.
     0 | D:1      | Reached XP level 1. HP: 12/12 MP: 1/1
   335 | D:1      | Reached XP level 2. HP: 11/17 MP: 2/2
   879 | D:2      | Found an iron altar of Okawaru.
   916 | D:2      | Reached skill level 1 in Armour
   916 | D:2      | Reached skill level 1 in Stealth
   916 | D:2      | Reached XP level 3. HP: 17/22 MP: 3/3
   994 | D:2      | Found a hide-covered altar of Uskayaw.
  1166 | D:2      | Noticed Natasha
  1180 | D:2      | Killed from afar by a shadow imp

Levels and vault maps discovered:
D:1:      dpeg_arrival_houses_and_road, layout_loops_corners
D:2:      layout_loops_ring, lemuel_crystal_altar,
          nicolae_overflow_hidden_temple, grunt_gozag_statues, uniq_natasha,
          uniq_robin

Skill      XL: |  1  2 |
---------------+-------+-----
Armour         | 1 |  1.1
Dodging        | 4 |  4.0
Stealth        | 1 |  1.1
Fighting       | |  2.4
Short Blades   | |  4.6
Throwing       | |  2.1

Action                   || total
-------------------------++-------
Melee: Rapier            ||    95
 Stab: Sleeping          ||     2
  Eat: Chunk             ||     9
Armor: Leather armour    ||    18
Dodge: Dodged            ||    70

Table legend:
 A = Non-vault XP
 B = Vault XP
 C = Vault XP percentage of total XP
 D = Non-vault monster count
 E = Vault monster count
 F = Vault count percentage of total count
                 A         B        C        D         E       F
            +---------+---------+-------+---------+---------+-------
      Total |      57 |       0 |   0.0 |      24 |       0 |   0.0
            +---------+---------+-------+---------+---------+-------
        D:1 |      17 |       0 |   0.0 |      10 |       0 |   0.0
        D:2 |      40 |       0 |   0.0 |      14 |       0 |   0.0
            +---------+---------+-------+---------+---------+-------
